General information
- name: BNet
- type: Ladder team game (AT/RT)
- host: Battle.net
- saver: nerd2
map: Highperch
- players: 6
- length: 26:26
- speed: Fast
- version: 1.24 W3XP
- replay type: Public
» download(153 KB)
Players
team 1 (loser)
1nvincible (
purple | 79 APM | 2071 actions | 26:15)
3 Goblin Tinker
2 Pocket Factory
1 Engineering Upgrade
» actions
| Assign group hotkey | 25 | |
| Basic commands | 1 | |
| Build / train | 81 | |
| Enter build submenu | 31 | |
| Enter hero's abilities submenu | 3 | |
| Right click | 1319 | |
| Select / deselect | 350 | |
| Select group hotkey | 201 | |
| Use ability | 60 | |
2071 total
» units
| Acolyte | 4 | |
| Ghoul | 10 | |
| Gargoyle | 17 | |
31 total
» upgrades
| Creature Attack | 3 | |
| Creature Carapace | 2 | |
| Stone Form | 1 | |
| Web | 1 | |
7 total
» buildings
| Crypt | 4 | |
| Ziggurat | 18 | |
| Altar of Darkness | 1 | |
| Halls of the Dead | 3 | |
| Graveyard | 1 | |
| Tomb of Relics | 1 | |
| Spirit Tower | 18 | |
| Black Citadel | 2 | |
| Sacrificial Pit | 3 | |
| Nerubian Tower | 4 | |
55 total
» build order
00:19 Crypt
00:21 Ziggurat
00:46 Crypt
01:00 Ziggurat
01:28 Altar of Darkness
03:34 Ziggurat
03:36 Ziggurat
04:24 Halls of the Dead
04:24 Halls of the Dead
06:37 Graveyard
06:44 Crypt
06:46 Crypt
07:47 Tomb of Relics
10:28 Spirit Tower
10:28 Spirit Tower
11:01 Black Citadel
11:02 Black Citadel
12:58 Spirit Tower
13:00 Spirit Tower
13:04 Ziggurat
13:07 Ziggurat
13:11 Ziggurat
13:14 Ziggurat
14:23 Sacrificial Pit
15:43 Spirit Tower
15:48 Nerubian Tower
15:50 Spirit Tower
16:55 Ziggurat
16:57 Ziggurat
17:03 Ziggurat
17:16 Sacrificial Pit
17:33 Ziggurat
17:48 Spirit Tower
17:48 Spirit Tower
17:54 Nerubian Tower
17:54 Nerubian Tower
18:13 Ziggurat
18:24 Spirit Tower
18:24 Spirit Tower
18:36 Ziggurat
18:52 Ziggurat
19:12 Ziggurat
19:18 Spirit Tower
19:34 Spirit Tower
19:54 Ziggurat
20:04 Ziggurat
20:20 Spirit Tower
20:38 Spirit Tower
20:48 Nerubian Tower
20:53 Sacrificial Pit
21:09 Spirit Tower
» items
| Potion of Healing | 1 | |
| Orb of Corruption | 1 | |
| Sacrificial Skull | 1 | |
3 total
monKEYSpanKING (
blue | 41 APM | 1084 actions | 26:20)
4 Goblin Tinker
2 Pocket Factory
2 Engineering Upgrade
» actions
| Assign group hotkey | 10 | |
| Basic commands | 3 | |
| Build / train | 42 | |
| Enter build submenu | 13 | |
| Enter hero's abilities submenu | 4 | |
| Right click | 537 | |
| Select / deselect | 314 | |
| Select group hotkey | 126 | |
| Use ability | 35 | |
1084 total
» units
| Acolyte | 10 | |
| Ghoul | 7 | |
| Gargoyle | 3 | |
| Frost Wyrm | 5 | |
25 total
» upgrades
| Creature Attack | 1 | |
| Creature Carapace | 1 | |
2 total
» buildings
| Crypt | 2 | |
| Ziggurat | 7 | |
| Altar of Darkness | 1 | |
| Halls of the Dead | 1 | |
| Nerubian Tower | 1 | |
| Graveyard | 1 | |
| Black Citadel | 1 | |
| Sacrificial Pit | 1 | |
| Boneyard | 3 | |
| Tomb of Relics | 1 | |
| Spirit Tower | 3 | |
22 total
» build order
00:10 Crypt
00:12 Ziggurat
00:39 Crypt
00:59 Altar of Darkness
01:30 Ziggurat
05:25 Halls of the Dead
05:31 Nerubian Tower
06:11 Graveyard
07:03 Ziggurat
07:49 Black Citadel
09:04 Sacrificial Pit
09:25 Ziggurat
09:26 Ziggurat
11:25 Boneyard
11:26 Boneyard
11:29 Boneyard
15:00 Tomb of Relics
15:01 Ziggurat
15:02 Ziggurat
15:56 Spirit Tower
16:39 Spirit Tower
18:12 Spirit Tower
» items
| Boots of Speed | 1 | |
| Staff of Teleportation | 1 | |
2 total
WarFreakz (
orange | 43 APM | 1131 actions | 26:23)
4 Goblin Tinker
2 Pocket Factory
2 Engineering Upgrade
» actions
| Assign group hotkey | 25 | |
| Basic commands | 1 | |
| Build / train | 71 | |
| Enter build submenu | 38 | |
| Enter hero's abilities submenu | 4 | |
| Give item / drop item | 1 | |
| Right click | 647 | |
| Select / deselect | 236 | |
| Select group hotkey | 52 | |
| Use ability | 56 | |
1131 total
» units
| Acolyte | 19 | |
| Ghoul | 10 | |
| Crypt Fiend | 11 | |
| Frost Wyrm | 2 | |
42 total
» upgrades
| Web | 1 | |
| Freezing Breath | 1 | |
| Destroyer Form | 1 | |
3 total
» buildings
| Crypt | 3 | |
| Ziggurat | 20 | |
| Altar of Darkness | 1 | |
| Halls of the Dead | 1 | |
| Graveyard | 1 | |
| Tomb of Relics | 2 | |
| Sacrificial Pit | 2 | |
| Black Citadel | 1 | |
| Necropolis | 1 | |
| Boneyard | 2 | |
| Spirit Tower | 10 | |
| Nerubian Tower | 1 | |
| Slaughterhouse | 2 | |
47 total
» build order
00:17 Crypt
00:21 Ziggurat
00:38 Crypt
01:03 Altar of Darkness
01:28 Ziggurat
03:47 Halls of the Dead
04:34 Graveyard
06:06 Tomb of Relics
06:19 Sacrificial Pit
06:25 Ziggurat
07:12 Ziggurat
09:48 Black Citadel
09:52 Sacrificial Pit
12:03 Necropolis
12:23 Boneyard
12:29 Boneyard
13:39 Ziggurat
13:47 Ziggurat
13:55 Ziggurat
14:03 Tomb of Relics
14:07 Ziggurat
14:13 Ziggurat
14:25 Ziggurat
14:35 Crypt
14:39 Spirit Tower
14:59 Nerubian Tower
15:02 Spirit Tower
15:38 Spirit Tower
15:55 Spirit Tower
16:01 Spirit Tower
16:04 Ziggurat
16:11 Ziggurat
16:16 Spirit Tower
16:36 Ziggurat
17:34 Ziggurat
17:38 Ziggurat
17:52 Ziggurat
17:58 Ziggurat
18:15 Spirit Tower
18:16 Spirit Tower
18:40 Spirit Tower
19:46 Spirit Tower
23:42 Slaughterhouse
23:46 Slaughterhouse
25:34 Ziggurat
25:37 Ziggurat
25:40 Ziggurat
» items
| Scroll of Town Portal | 2 | |
| Potion of Healing | 3 | |
| Rod of Necromancy | 1 | |
| Orb of Corruption | 1 | |
7 total
team 2 (winner)
apemanapeman (
red | 81 APM | 2142 actions | 26:24)
7 Pandaren Brewmaster
3 Breath of Fire
3 Drunken Brawler
1 Storm Earth and Fire
» actions
| Assign group hotkey | 84 | |
| Basic commands | 27 | |
| Build / train | 118 | |
| Enter build submenu | 22 | |
| Enter hero's abilities submenu | 7 | |
| Give item / drop item | 4 | |
| Right click | 1166 | |
| Select / deselect | 252 | |
| Select group hotkey | 276 | |
| Use ability | 186 | |
2142 total
» units
» upgrades
| Liquid Fire | 1 | |
| Ranged Weapons | 1 | |
| Armor | 1 | |
3 total
» buildings
| Altar of Storms | 1 | |
| Orc Burrow | 10 | |
| Voodoo Lounge | 4 | |
| War Mill | 2 | |
| Stronghold | 3 | |
| Fortress | 1 | |
| Beastiary | 3 | |
24 total
» build order
00:08 Altar of Storms
00:11 Orc Burrow
01:37 Orc Burrow
01:41 Orc Burrow
03:04 Voodoo Lounge
03:23 War Mill
03:29 Voodoo Lounge
05:00 Stronghold
05:01 Stronghold
05:01 Stronghold
06:41 War Mill
06:43 Orc Burrow
07:36 Fortress
07:37 Beastiary
07:41 Beastiary
08:15 Voodoo Lounge
08:51 Orc Burrow
08:54 Beastiary
14:15 Voodoo Lounge
20:54 Orc Burrow
20:54 Orc Burrow
20:55 Orc Burrow
20:55 Orc Burrow
20:56 Orc Burrow
» items
| Healing Salve | 2 | |
| Lesser Clarity Potion | 2 | |
| Boots of Speed | 1 | |
| Circlet of Nobility | 1 | |
| Orb of Lightning | 1 | |
| Staff of Teleportation | 1 | |
8 total
nerd2 (
pink | 69 APM | 1828 actions | 26:26)
6 Pandaren Brewmaster
3 Breath of Fire
2 Drunken Brawler
1 Storm Earth and Fire
» actions
| Assign group hotkey | 40 | |
| Basic commands | 11 | |
| Build / train | 133 | |
| ESC pressed | 4 | |
| Enter build submenu | 79 | |
| Enter hero's abilities submenu | 6 | |
| Give item / drop item | 3 | |
| Right click | 819 | |
| Select / deselect | 287 | |
| Select group hotkey | 269 | |
| Use ability | 177 | |
1828 total
» units
| Peasant | 28 | |
| Siege Engine | 3 | |
| Gryphon Rider | 3 | |
| Dragonhawk Rider | 3 | |
| Priest | 1 | |
| Sorceress | 1 | |
39 total
» upgrades
| Masonry | 3 | |
| Lumber Harvesting | 2 | |
| Magic Sentry | 1 | |
| Armor | 3 | |
| Swords | 3 | |
| Cloud | 1 | |
| Storm Hammers | 1 | |
| Barrage | 1 | |
| Flak Cannons | 1 | |
| Sorceress Training | 1 | |
| Priest Training | 1 | |
18 total
» buildings
| Lumber Mill | 1 | |
| Scout Tower | 75 | |
| Farm | 14 | |
| Arcane Tower | 5 | |
| Guard Tower | 52 | |
| Altar of Kings | 1 | |
| Keep | 2 | |
| Town Hall | 2 | |
| Castle | 1 | |
| Arcane Sanctum | 1 | |
| Blacksmith | 1 | |
| Gryphon Aviary | 5 | |
| Arcane Vault | 1 | |
| Workshop | 2 | |
163 total
» build order
00:13 Lumber Mill
00:44 Scout Tower
00:45 Scout Tower
00:53 Scout Tower
00:55 Scout Tower
01:09 Farm
01:12 Arcane Tower
01:17 Guard Tower
01:21 Arcane Tower
01:22 Guard Tower
01:23 Guard Tower
01:40 Altar of Kings
01:44 Farm
01:47 Scout Tower
01:53 Scout Tower
02:11 Scout Tower
02:14 Scout Tower
02:17 Guard Tower
02:18 Scout Tower
02:20 Guard Tower
02:22 Scout Tower
02:47 Guard Tower
02:47 Guard Tower
02:49 Scout Tower
02:52 Guard Tower
02:54 Scout Tower
02:58 Guard Tower
02:58 Guard Tower
03:03 Scout Tower
03:04 Scout Tower
03:07 Scout Tower
03:13 Guard Tower
03:30 Guard Tower
03:48 Scout Tower
03:50 Guard Tower
03:51 Scout Tower
03:52 Scout Tower
04:26 Arcane Tower
04:26 Arcane Tower
04:50 Guard Tower
05:09 Guard Tower
06:02 Scout Tower
06:03 Scout Tower
06:36 Scout Tower
06:50 Guard Tower
06:51 Guard Tower
06:54 Scout Tower
06:55 Scout Tower
06:58 Scout Tower
07:14 Scout Tower
07:15 Scout Tower
07:32 Scout Tower
07:32 Scout Tower
07:33 Scout Tower
07:34 Scout Tower
07:38 Keep
07:56 Guard Tower
07:57 Guard Tower
07:59 Guard Tower
07:59 Guard Tower
08:01 Scout Tower
08:02 Scout Tower
08:18 Guard Tower
08:18 Guard Tower
08:22 Guard Tower
08:40 Scout Tower
08:41 Scout Tower
08:43 Guard Tower
08:43 Guard Tower
08:49 Guard Tower
09:09 Scout Tower
09:10 Scout Tower
09:39 Town Hall
09:40 Guard Tower
09:43 Scout Tower
09:44 Scout Tower
10:31 Guard Tower
10:33 Scout Tower
10:34 Scout Tower
10:54 Guard Tower
10:54 Castle
11:06 Scout Tower
11:07 Scout Tower
11:07 Scout Tower
11:08 Scout Tower
11:46 Guard Tower
11:49 Arcane Sanctum
12:08 Town Hall
12:10 Guard Tower
12:10 Guard Tower
12:12 Scout Tower
12:50 Guard Tower
12:52 Farm
12:53 Farm
13:01 Blacksmith
13:03 Gryphon Aviary
14:23 Scout Tower
14:24 Scout Tower
14:25 Scout Tower
14:27 Scout Tower
14:28 Scout Tower
14:30 Scout Tower
14:30 Scout Tower
14:31 Scout Tower
14:32 Scout Tower
14:32 Scout Tower
14:38 Guard Tower
15:39 Arcane Vault
15:44 Gryphon Aviary
15:45 Gryphon Aviary
15:49 Gryphon Aviary
15:50 Gryphon Aviary
15:52 Workshop
15:54 Workshop
16:11 Guard Tower
16:11 Guard Tower
16:21 Scout Tower
16:22 Scout Tower
16:22 Scout Tower
16:24 Scout Tower
16:25 Scout Tower
16:25 Scout Tower
16:26 Scout Tower
17:25 Guard Tower
17:34 Guard Tower
18:12 Scout Tower
18:13 Scout Tower
18:14 Scout Tower
19:18 Guard Tower
19:27 Scout Tower
19:27 Scout Tower
19:29 Scout Tower
19:29 Scout Tower
19:30 Scout Tower
19:32 Guard Tower
19:35 Scout Tower
19:35 Scout Tower
19:36 Scout Tower
19:37 Scout Tower
19:44 Scout Tower
20:54 Guard Tower
21:54 Guard Tower
24:46 Farm
24:46 Farm
24:47 Farm
24:47 Farm
24:49 Farm
24:49 Farm
25:34 Farm
25:35 Farm
25:35 Farm
» items
| Boots of Speed | 1 | |
| Staff of Teleportation | 1 | |
| Orb of Lightning | 1 | |
| Scroll of Town Portal | 2 | |
| Scroll of Speed | 2 | |
7 total
peppermintgum (
teal | 42 APM | 1111 actions | 26:24)
5 Pandaren Brewmaster
3 Breath of Fire
2 Drunken Brawler
» actions
| Assign group hotkey | 23 | |
| Basic commands | 2 | |
| Build / train | 68 | |
| Enter build submenu | 39 | |
| Enter hero's abilities submenu | 6 | |
| Right click | 534 | |
| Select / deselect | 179 | |
| Select group hotkey | 171 | |
| Use ability | 89 | |
1111 total
» units
| Wisp | 34 | |
| Druid of the Talon | 9 | |
43 total
» upgrades
| Strength of the Wild | 3 | |
| Reinforced Hides | 3 | |
| Hippogryph Taming | 1 | |
| Druid of the Talon Training | 2 | |
| Well Spring | 1 | |
| Ultravision | 1 | |
| Mark of the Talon | 1 | |
12 total
» buildings
| Altar of Elders | 1 | |
| Moon Well | 27 | |
| Tree of Life | 1 | |
| Tree of Ages | 1 | |
| Hunter's Hall | 1 | |
| Tree of Eternity | 1 | |
| Ancient of Wind | 3 | |
35 total
» build order
00:07 Altar of Elders
00:08 Moon Well
03:27 Moon Well
05:29 Moon Well
05:30 Moon Well
05:31 Moon Well
05:32 Moon Well
06:51 Moon Well
06:53 Moon Well
08:01 Moon Well
08:29 Tree of Life
09:11 Moon Well
09:23 Moon Well
11:56 Tree of Ages
12:09 Moon Well
12:17 Moon Well
13:44 Hunter's Hall
14:18 Moon Well
14:19 Moon Well
14:20 Moon Well
14:21 Moon Well
14:34 Tree of Eternity
14:38 Ancient of Wind
14:39 Ancient of Wind
14:43 Ancient of Wind
15:34 Moon Well
15:37 Moon Well
15:38 Moon Well
19:30 Moon Well
19:34 Moon Well
19:36 Moon Well
19:42 Moon Well
19:43 Moon Well
19:47 Moon Well
19:48 Moon Well
» items
| Staff of Teleportation | 1 | |
| Orb of Lightning | 1 | |
| Boots of Speed | 3 | |
5 total
Chat log
(00:15 / Allies) nerd2: feed me
(00:20 / Allies) nerd2: they might be doing some gimmick strat
(00:23 / Allies) nerd2: so dont get a hero
(00:25 / Allies) nerd2: we will get pandas
(00:28 / Allies) nerd2: if they dont get pandas
(00:30 / Allies) apemanapeman: ok
(00:31 / Allies) peppermintgum: ghoul rush
(00:33 / Allies) nerd2: i mean if they ghou rush
(00:52 / Allies) apemanapeman: dont feed me fool
(00:54 / Allies) apemanapeman: feed alex
(01:02 / Allies) nerd2: yeah they ghoul rushing
(01:18 / Allies) apemanapeman: send wisp now
(01:25 / Allies) nerd2: get me plenty of dman wood
(01:30 / Allies) nerd2: im already wood POOR
(02:00 / Allies) nerd2: dont let him ghoul your wisp
(03:32 / Allies) nerd2: HEY NOOB
(03:33 / Allies) nerd2: YOU SUCK!
(04:34 / Allies) nerd2: saving for somethign good?
(04:43 / Allies) nerd2: oh god
(04:47 / Allies) peppermintgum: dummy
(04:56 / Allies) nerd2: wtf was that
(05:32 / Allies) apemanapeman: salve
(06:06 / Allies) apemanapeman: idle panda
(06:09 / Allies) apemanapeman: has been at my base 10 min
(06:13 / Allies) nerd2: he did that earlier too
(06:18 / Allies) peppermintgum: no?
(06:19 / Allies) apemanapeman: our warriors haev engaged the enemy
(06:30 / Allies) nerd2: lure that
(06:31 / Allies) nerd2: right away
(06:40 / Allies) nerd2: tomy we need bats asap
(06:44 / Allies) nerd2: tech right away
(07:36 / Allies) nerd2: need orc shop on right
(07:45 / Allies) nerd2: make many wells by our wall
(07:47 / Allies) nerd2: e can use pandas for defense
(07:54 / Allies) nerd2: michael dont tech just spam wells
(08:10 / Allies) nerd2: tehres nary an orc shop to be found in all my kingdom
(08:21 / Allies) apemanapeman: thers one
(08:31 / Allies) nerd2: gargs pumping
(08:34 / Allies) nerd2: save ur mana
(08:35 / Allies) nerd2: get boots too
(08:51 / Allies) nerd2: make 4 beastieary
(08:59 / Allies) apemanapeman: im ppor
(08:59 / Allies) nerd2: sec
(09:00 / Allies) apemanapeman: need boot
(09:00 / Allies) nerd2: we creep it
(09:50 / Allies) nerd2: lets go tribreath
(09:51 / Allies) nerd2: his acos
(09:57 / Allies) nerd2: tommy
(09:58 / Allies) nerd2: u manage bats
(10:35 / Allies) nerd2: bat at weill
(10:43 / Allies) nerd2: michael spam wells near towers
(10:59 / Allies) apemanapeman: cash
(11:00 / Allies) apemanapeman: now
(11:43 / All) nerd2: LOL
(13:12 / Allies) nerd2: computer (easy)
(13:35 / Allies) nerd2: michael tech / get aa now
(13:39 / Allies) nerd2: looks liek they are betting on wyrms next
(14:04 / Allies) nerd2: michael you are RICH
(14:07 / Allies) nerd2: make 10 moonwells
(14:09 / Allies) nerd2: at the tower choke
(14:30 / All) 1nvincible: dumb MHer trash
(14:34 / All) nerd2: crybaby
(14:41 / All) 1nvincible: you think you're good?
(14:51 / All) nerd2: no but youre bad
(15:04 / All) 1nvincible: lol ok newb
(15:12 / Allies) peppermintgum: waste of bats
(15:18 / Allies) apemanapeman: stfu
(15:19 / Allies) nerd2: bat his wyrms
(15:21 / Allies) nerd2: if u want to bat something
(16:05 / Allies) peppermintgum: can i get some more fire on thses fiends?
(16:36 / Allies) nerd2: just bat his wyrms
(16:38 / Allies) nerd2: whenever u can
(16:46 / Allies) nerd2: we need levels
(16:54 / Allies) nerd2: come aco him
(16:54 / Allies) nerd2: with me
(17:15 / Allies) nerd2: michael
(17:17 / Allies) nerd2: savibng for somethign good?
(17:24 / Allies) peppermintgum: no
(17:26 / Allies) apemanapeman: $ pls
(17:50 / Allies) nerd2: lets tribreath
(17:51 / Allies) nerd2: those fiends
(17:54 / Allies) nerd2: meet up
(17:55 / Allies) nerd2: first
(17:58 / Allies) nerd2: so its all 3 breaths at once
(18:06 / Allies) nerd2: k go
(18:06 / Allies) nerd2: go
(18:39 / Allies) nerd2: acare
(18:59 / All) nerd2: hawhhjuwehjwiajuieayuhajueaw
(19:21 / Allies) nerd2: upgrade them damn wells
(19:24 / Allies) nerd2: and make 4 more on each side
(20:11 / All) nerd2: lowest income bracket is 50 guys
(20:15 / All) nerd2: you dont get bonus gold for being at 15 food
(20:41 / Allies) nerd2: come brath this
(20:42 / Allies) nerd2: wood pls?
(20:44 / Allies) apemanapeman: im getting a staff
(20:45 / Allies) apemanapeman: then wells
(20:47 / Allies) apemanapeman: them back
(22:02 / All) nerd2: so where did you get the idea for tri tinker ghoulr ush
(22:04 / Allies) peppermintgum: ô_ô
(22:07 / All) nerd2: did someone do it to you
(22:08 / All) nerd2: recently?
(22:18 / All) monKEYSpanKING: you guys clan towa?
(22:26 / All) nerd2: yes
(22:28 / All) 1nvincible: so where'd you get the money for zmap at?
(22:29 / All) nerd2: this is tyler kerr
(22:37 / All) 1nvincible: ask your mommy to buy it for 50th birthday?
(22:37 / Allies) peppermintgum: spinning aco
(22:44 / All) monKEYSpanKING: i have no idea what your real names are
(22:51 / All) monKEYSpanKING: but you guys mastered the craft
(23:01 / All) monKEYSpanKING: if your the original clan towa
(23:13 / All) nerd2: we are the new and improved clan towa
(23:14 / All) nerd2: with zmap
(23:19 / All) monKEYSpanKING: well yeah
(24:16 / Allies) nerd2: look at oranges gold
(24:29 / Allies) nerd2: tribreath
(24:30 / Allies) nerd2: that left packet
(24:31 / Allies) nerd2: of zigs
(24:56 / All) monKEYSpanKING: you guys can see even where we click right
(24:57 / Allies) nerd2: im going 100 food